Map: Prion Terraces

Players

Gracz

  • Race: Terran Terran

SwineHunter

  • Race: Terran Terran
  • League: Bronze

HAJPER

  • Race: Terran Terran

sirhope

  • Race: Terran Terran

VOD

Have the link to the VOD?

Description

Time

  • Played on: May 4, 2016, 2:32 p.m.
  • Length: 7:25
Show
View Real Time Build Order
Export as new Build Order

Gracz Terran 

Build Orders:  

Get SALT Encoding   

  12  0:01  SCV  
  13  0:15  Supply Depot  
  13  0:23  SCV  
  14  0:28  Refinery  
  14  0:35  SCV  
  15  0:58  Barracks  
  15  1:04  SCV  
  16  1:09  Supply Depot  
  16  1:16  SCV  
  17  1:27  Refinery  
  17  1:28  SCV  
  18  1:40  SCV  
  19  1:47  Factory  
  19  1:52  SCV  
  20  2:00  Marine  
  21  2:11  Supply Depot  
  21  2:15  SCV  
  22  2:18  Marine  
  23  2:30  Factory Reactor  
  23  2:36  Marine  
  24  3:01  Barracks Reactor  
  24  3:10  Barracks  
  22  3:28  Hellion x2  
  24  3:43  Reaper x2  
  24  3:49  Hellion x2  
  7  4:51  SCV  
  8  4:53  Reaper  
  8  4:54  Reaper  
  10  5:17  SCV  
  10  6:17  SCV  
Show
View Real Time Build Order
Export as new Build Order

SwineHunter Terran 

Build Orders:  

Get SALT Encoding   

  12  0:01  SCV  
  13  0:16  Supply Depot  
  13  0:18  SCV  
  14  0:27  Refinery  
  14  0:42  Barracks  
  14  0:44  SCV  
  15  0:56  Supply Depot  
  15  1:01  SCV  
  16  1:19  SCV  
  17  1:29  Refinery, Reaper  
  18  1:34  SCV  
  19  1:48  Orbital Command  
  19  1:58  Factory  
  19  2:05  Reaper  
  20  2:17  SCV  
  21  2:39  Reaper  
  22  2:51  Factory Tech Lab  
  22  3:06  Starport  
  22  3:19  Reaper  
  23  3:31  Siege Tank  
  26  3:35  SCV  
  27  3:47  SCV  
  28  3:52  Reaper  
  29  3:56  Medivac  
  31  4:16  Barracks  
  31  4:43  Supply Depot, Reaper  
  31  5:04  Siege Tank  
  31  5:05  Supply Depot  
  34  5:07  Medivac  
  34  5:10  Barracks Tech Lab  
  36  5:29  Supply Depot  
  36  5:34  Marauder  
  38  5:38  Reaper  
  38  5:40  Medivac  
  41  5:45  SCV  
  42  5:56  Marauder  
  44  5:58  Supply Depot  
  44  6:10  Medivac  
  46  6:15  Siege Tank  
  46  6:17  Marauder  
  51  6:22  Marine  
  52  6:38  Marauder  
  54  6:40  Marine  
  55  6:47  Siege Tank  
  55  6:51  Supply Depot  
  58  6:57  Marine  
  58  7:00  Marauder  
  61  7:15  Supply Depot  
  61  7:22  Command Center  
Show
View Real Time Build Order
Export as new Build Order

HAJPER Terran 

Build Orders:  

Get SALT Encoding   

Show
View Real Time Build Order
Export as new Build Order

sirhope Terran 

Build Orders:  

Get SALT Encoding   

Tags
 
Add a new tag
Caveats
  • Supply blocks, unpowered buildings, or Contaminate may cause inaccurate times.
  • Supply counts are checked every 10 seconds.